 Dungeon Crawl Stone Soup version 0.29-a0-559-g359e09b9d1 (webtiles) character file.

Game seed: 13992127799759685743

1153 KristoblXynda the Skirmisher (level 8, -1/70 HPs)
             Began as a Green Draconian Berserker on June 10, 2022.
             Was a Priest of Trog.
             Slain by a fire bat (3 damage)
             ... on level 6 of the Dungeon.
             The game lasted 00:05:40 (6992 turns).

KristoblXynda the Skirmisher (DrBe)                 Turns: 6992, Time: 00:05:40

Health: -1/70      AC:  8    Str: 20    XL:     8   Next: 16%
Magic:  0/17       EV: 13    Int:  9    God:    Trog [***...]
Gold:   295        SH:  0    Dex: 11    Spells: 7/7 levels left

rFire   . . .      SeeInvis .   v - +2 hand axe (elec)
rCold   . . .      Faith    .   (no shield)
rNeg    + . .      Spirit   +   (body armour unavailable)
rPois   +          Reflect  .   (helmet restricted)
rElec   .          Harm     .   b - +0 cloak {Will+}
rCorr   .          Rampage  .   (no gloves)
Will    +....                   i - +0 pair of boots
Stlth   +.........              n - amulet of guardian spirit
HPRegen 0.21/turn               l - ring of magical power
MPRegen 0.15/turn               a - ring of positive energy

@: brilliant
A: breathe noxious fumes, AC +6, unfitting armour, poison resistance,
cold-blooded
a: Breathe Noxious Fumes, Renounce Religion, Berserk, Trog's Hand


You were on level 6 of the Dungeon.
You worshipped Trog.
Trog was most pleased with you.
You visited 1 branch of the dungeon, and saw 6 of its levels.

You collected 295 gold pieces.

Inventory:

Hand Weapons
 v - a +2 hand axe of electrocution (weapon)
 x - a +0 war axe
Missiles
 c - 2 silver javelins (quivered)
 r - a throwing net
Armour
 b - a +0 cloak of willpower (worn)
 i - a +0 pair of boots (worn)
Jewellery
 a - a ring of positive energy (right hand)
 l - a ring of magical power (left hand)
 n - an amulet of guardian spirit (around neck)
 C - an amulet of reflection
Wands
 B - a wand of iceblast (11)
Scrolls
 e - 2 scrolls of teleportation
 f - a scroll of acquirement {unknown}
 h - 4 scrolls of poison
 j - 2 scrolls of summoning {unknown}
 m - a scroll of blinking {unknown}
 s - a scroll of amnesia {unknown}
 y - a scroll of immolation {unknown}
 F - a scroll of vulnerability {unknown}
Potions
 d - 4 potions of curing
 g - a potion of resistance
 k - a potion of cancellation
 p - 3 potions of invisibility
 q - 2 potions of magic
 t - a potion of flight {unknown}
 u - a potion of haste
 w - 2 potions of berserk rage
 z - a potion of might
 A - a potion of mutation
 D - a potion of brilliance
 E - a potion of heal wounds {unknown}


   Skills:
 + Level 6.2 Fighting
 + Level 5.9 Axes
 + Level 4.0 Throwing
 + Level 5.1 Dodging


You had 7 spell levels left.
You didn't know any spells.
Your spell library contained the following spells:

 Spells                   Type           Power      Damage    Failure   Level
 Sting                    Tmut/Pois      0%         1d3       38%         1
 Poisonous Vapours        Pois/Air       0%         N/A       52%         2
 Olgreb's Toxic Radiance  Pois           0%         N/A       99%         4


Dungeon Overview and Level Annotations

Branches:
Dungeon (6/15)             Temple (0/1) D:6

Altars:
Cheibriados
Nemelex Xobeh
Wu Jian
The Shining One

Annotations:
D:6 1 transporter


Innate Abilities, Weirdness & Mutations

You can breathe blasts of noxious fumes.
Your lurid green scales are hard. (AC +6)
You cannot fit into any form of body armour.
Your system is resistant to poisons. (rPois)
You are cold-blooded and may be slowed by cold attacks.


Message History

No target in view!
No target in view!
No target in view!
You now have 295 gold pieces (gained 8).
Done exploring.
Done exploring.
You see here a +0 mace.
There is a stone staircase leading down here.
You climb downwards.
There is a stone staircase leading up here.
There is a stone staircase leading down here.
You climb downwards.
There is a stone staircase leading up here.
There is a stone staircase leading down here.
You climb downwards.
Level annotation: 2 transporters
There is a stone staircase leading up here.
Things that are here:
a +0 chain mail; 3 boomerangs; a +0 dagger
There is a transporter here.
You enter the transporter and appear at another place.
g - a potion of resistance You open the gate.
A fire bat comes into view.
You are engulfed in blazing flames.
The fire bat barely misses you.
There is an open gate here.
Okay, then.
You are engulfed in blazing flames.
The fire bat barely misses you.
You are engulfed in blazing flames.
* * * LOW HITPOINT WARNING * * *
The fire bat bites you.
* * * LOW HITPOINT WARNING * * *
You are engulfed in flames.
* * * LOW HITPOINT WARNING * * *
It was a potion of brilliance.
You feel clever all of a sudden.
You are engulfed in blazing flames.
* * * LOW HITPOINT WARNING * * *
The fire bat bites you.
You die...

......#...#############...#######
......#...##...###..###...####.##
....###...##....#....#...........
#######...##....'....'.........<.
#...........#....#.......[...
#.......#######..#.......[...
#.....###°°☼○°##########..###
#.....###☼°☼○○#°○.°.☼###..###
#.......#°○°@b#○○○°○○#....#..
####......#?$.°○°.#.#°°#....#..
#..####..©#©(.☼○°...©○.#©...#..
#.........#$$.○☼○.#.#☼.#....#..
#.........#☼°○☼○#○○○☼☼.#....#..
#<........#○○○○°#°○☼°○.#....#.#
###.........#○○○☼°########....##.
.....############### ######..#..
........####..##...####..###..#..


You could see a fire bat.

Vanquished Creatures
  A sky beast (D:4)
  An ice beast (D:4)
  2 ogres (D:5)
  A bullfrog (D:6)
  2 scorpions (D:6)
  A necrophage (D:5)
  Crazy Yiuf (D:5)
  5 hounds
  3 iguanas
  Jessica (D:3)
  Natasha (twice) (D:2)
  A mummy (D:6)
  11 adders
  A white imp (D:4)
  2 worms (D:2)
  2 dart slugs
  7 orcs
  2 bats
  6 endoplasms
  4 giant cockroaches
  9 goblins
  5 hobgoblins
  11 jackals
  6 quokkas
  11 ball pythons
  A frilled lizard (D:2)
  8 kobolds
  10 rats
117 creatures vanquished.

Vanquished Creatures (others)
  8 plants (D:1)
8 creatures vanquished.

Grand Total: 125 creatures vanquished

Notes
Turn   | Place    | Note
-------+----------+-------------------------------------------
     0 | D:1      | KristoblXynda the Draconian Berserker began the quest for
                  | the Orb.
     0 | D:1      | Reached XP level 1. HP: 19/19 MP: 1/1
   544 | D:1      | Reached XP level 2. HP: 26/26 MP: 2/2
  1135 | D:1      | Reached ** piety under Trog
  1302 | D:2      | Reached XP level 3. HP: 33/33 MP: 3/3
  1563 | D:2      | Noticed Natasha
  1573 | D:2      | Killed Natasha
  1574 | D:2      | Reached skill level 1 in Throwing
  1766 | D:2      | Reached XP level 4. HP: 38/40 MP: 4/4
  1843 | D:2      | Reached skill level 4 in Fighting
  1938 | D:2      | Noticed Natasha
  1947 | D:2      | Killed Natasha
  2672 | D:3      | Reached *** piety under Trog
  2680 | D:3      | Noticed Jessica
  2694 | D:3      | Killed Jessica
  2695 | D:3      | Reached XP level 5. HP: 36/46 MP: 5/5
  3448 | D:3      | You fall into a shaft and drop 3 floors!
  3455 | D:6      | Found a snail-covered altar of Cheibriados.
  3548 | D:6      | Found an ornate altar of the Wu Jian Council.
  3777 | D:6      | Reached XP level 6. HP: 53/53 MP: 6/6
  3834 | D:6      | Found a transporter.
  4055 | D:6      | Found a transporter.
  4068 | D:6      | Found a staircase to the Ecumenical Temple.
  4129 | D:6      | Found a sparkling altar of Nemelex Xobeh.
  4145 | D:6      | Reached skill level 5 in Fighting
  4496 | D:5      | Entered Level 5 of the Dungeon
  4553 | D:5      | Reached skill level 5 in Axes
  4553 | D:5      | Your scales start taking on a lurid green colour.
  4553 | D:5      | Reached XP level 7. HP: 58/61 MP: 7/7
  4553 | D:5      | Gained mutation: Your system is resistant to poisons.
                  | (rPois) [Green Draconian growth]
  5244 | D:5      | Found a glowing golden altar of the Shining One.
  5330 | D:5      | Found a runed translucent door.
  5331 | D:5      | Noticed Crazy Yiuf
  5333 | D:5      | Found the +6 shillelagh "Devastator" {shatter}
  5339 | D:5      | Killed Crazy Yiuf
  5674 | D:4      | Reached skill level 6 in Fighting
  5764 | D:4      | Reached XP level 8. HP: 70/70 MP: 8/8
  5785 | D:4      | Reached skill level 5 in Dodging
  6111 | D:4      | Identified the +5 long sword of Internal Strife {freeze,
                  | Fly rF+ rN++ Dex-4}
  6992 | D:6      | HP: 2/70 [something (11)]
  6992 | D:6      | Slain by a fire bat

Illustrated notes

Levels and vault maps discovered:
D:1:      lightli_arrival_windingriver, layout_basic
D:2:      kennysheep_six_static_rooms, layout_basic, uniq_natasha
D:3:      layout_rooms, serial_curves, eino_curves_02, eino_curves_02,
          eino_curves_03, eino_curves_01, kennysheep_generic_room_5,
          uniq_jessica
D:4:      layout_basic
D:5:      layout_cave_pools, tso_oasis_becter, minmay_misc_feat_iff,
          uniq_crazy_yiuf_cottage
D:6:      gammafunk_cloud_chamber, layout_gridville,
          nicolae_wu_jian_wuxing_cycle, slow_altar_1, kennysheep_mini,
          temple_pool_b, minmay_crystal_water

Skill      XL: |  1  2  3  4  5  6  7  8 |
---------------+-------------------------+-----
Dodging        | 3 4 5 |  5.1
Throwing       | 1 2 3 4 |  4.0
Fighting       | 4 5 6 |  6.2
Axes           | 4 5 |  5.9

Action                   |  1- 3 |  4- 6 |  7- 9 || total
-------------------------+-------+-------+-------++-------
Melee: Hand axe          |   104 |   155 |    98 ||   357
       Tailslap          |     6 |    23 |     6 ||    35
       Punch             |       |     1 |     4 ||     5
Invok: Berserk           |     1 |     4 |     3 ||     8
  Use: Scroll            |       |       |    10 ||    10
       Potion            |       |       |     1 ||     1
 Stab: Sleeping          |     1 |       |     1 ||     2
Armor: Skin              |    33 |    50 |    24 ||   107
Dodge: Dodged            |    85 |    93 |    65 ||   243

Table legend: (Time is in decaauts)
 A = Elapsed time spent in this place.
 B = Non-inter-level travel time spent in this place.
 C = Inter-level travel time spent in this place.
 D = Time resting spent in this place.
 E = Time spent auto-exploring this place.
 F = Levels seen in this place.
 G = Mean time per level.
                   A        B        C        D        E       F      G
               +--------+--------+--------+--------+--------+-----+--------+
         Total |   7113 |   6872 |    241 |   1240 |   4726 |   6 | 1185.5 |
       Dungeon |   7113 |   6872 |    241 |   1240 |   4726 |   6 | 1185.5 |
               +--------+--------+--------+--------+--------+-----+--------+

Top non-repeatable levels by time:
     D:2: 1418 daAuts
     D:4: 1300 daAuts
     D:1: 1216 daAuts
     D:3: 1089 daAuts
     D:6: 1085 daAuts
     D:5: 1003 daAuts
